 Dungeon Crawl Stone Soup version 0.28-a0-561-gc72452776e (webtiles) character file.

Game seed: 9304216495156822880

508 Conn the Firebug (level 7, -6/43 HPs)
             Began as an Octopode Fire Elementalist on Sept 29, 2021.
             Was an Initiate of Sif Muna.
             Mangled by Edmund (8 damage)
             ... on level 5 of the Dungeon.
             The game lasted 00:12:17 (5677 turns).

Conn the Firebug (Octopode Fire Elementalist)       Turns: 5677, Time: 00:12:20

Health: -6/43      AC:  1    Str:  6 (8)  XL:     7   Next: 18%
Magic:  7/12       EV: 13    Int: 18 (19) God:    Sif Muna [......]
Gold:   103        SH:  0    Dex:  9 (12) Spells: 2/13 levels left

rFire   . . .      SeeInvis .   m - +2 long sword (holy)
rCold   . . .      Faith    .   (no shield)
rNeg    . . .      Spirit   .   k - +0 hat
rPois   .          Reflect  .   (no amulet)
rElec   .          Harm     .   (no ring)
rCorr   .          Rampage  .   (no ring)
Will    .....                   (no ring)
Stlth   +++.......              (no ring)
HPRegen 0.14/turn               (no ring)
MPRegen 0.13/turn               (no ring)
                                (no ring)
                                (no ring)

@: lethally poisoned (-6 -> -11), flying, very slightly contaminated, slowed,
very slow
A: almost no armour, amphibious, 8 rings, camouflage 1, gelatinous body 1,
(nimble swimmer 1), tentacles
a: Renounce Religion


You were on level 5 of the Dungeon.
You worshipped Sif Muna.
Sif Muna was noncommittal.
You visited 2 branches of the dungeon, and saw 6 of its levels.

You collected 133 gold pieces.
You spent 30 gold pieces at shops.

Inventory:

Hand Weapons
 a - a +0 dagger
 m - a +2 long sword of holy wrath (weapon)
Missiles
 h - 2 throwing nets
Armour
 k - a +0 hat (worn)
 o - a +0 buckler
Wands
 i - a wand of flame (26)
 q - a wand of acid (7)
Scrolls
 c - a scroll of amnesia
 d - 2 scrolls of enchant weapon {unknown}
 f - a scroll of enchant armour {unknown}
 j - 3 scrolls of identify {unknown}
 n - a scroll of teleportation {unknown}
Potions
 b - 2 potions of degeneration
 e - 3 potions of flight
 g - a potion of lignification
 l - a potion of ambrosia {unknown}
 p - a potion of might {unknown}


   Skills:
 + Level 1.3 Fighting
 + Level 1.2(1.3) Short Blades
 + Level 0.9(1.2) Long Blades
 + Level 3.3 Dodging
 + Level 4.1 Stealth
 + Level 3.8 Spellcasting
 + Level 2.5 Conjurations
 + Level 0.4 Hexes
 + Level 4.5 Fire Magic
 + Level 0.8 Evocations


You had 2 spell levels left.
You knew the following spells:

 Your Spells              Type           Power      Damage    Failure   Level
a - Foxfire               Conj/Fire      64%        2x1d7     3%          1
b - Conjure Flame         Conj/Fire      16%        6-21      11%         3
c - Inner Flame           Hex/Fire       12%        N/A       16%         3
d - Flame Wave            Conj/Fire      16%        3d5       34%         4

Your spell library contained the following spells:

 Spells                   Type           Power      Damage    Failure   Level
 Scorch                   Fire           38%        2d7       3%          2
 Magic Dart               Conj           48%        1d5       5%          1
 Searing Ray              Conj           24%        2d5       8%          2
 Beastly Appendage        Tmut           6%         N/A       16%         1
 Wereblood                Tmut           3%         N/A       22%         2
 Spider Form              Tmut/Pois      1%         N/A       41%         3
 Fulminant Prism          Conj/Hex       4%         3d6       63%         4


Dungeon Overview and Level Annotations

Branches:
Dungeon (5/15)             Temple (1/1) D:4

Altars:
Ashenzari
Cheibriados
Elyvilon
Kikubaaqudgha
Makhleb
Okawaru
Qazlal
Sif Muna
Trog
Uskayaw
Xom
Yredelemnul

Shops:
D:1 !

Annotations:
D:5 Edmund, Menkaure, Pikel


Innate Abilities, Weirdness & Mutations

You cannot wear most types of armour.
You are amphibious.
You can wear up to eight rings at the same time.
Your skin changes colour to match your surroundings (Stealth+).
Your rubbery body absorbs attacks. (AC +1, EV +1)
((You are camouflaged near water. (Stealth+)))
You have tentacles for arms and can constrict up to eight enemies at once.


Message History

Menkaure's bandages flutter.
Found 12 sling bullets.
Menkaure points at you and mumbles some strange words.
You struggle to resist.
Menkaure calls on the powers of darkness!
The dart slug convulses!
Flame seeps out of the dart slug.
Your body is wracked with pain!
The dart slug is engulfed in blazing flames.
Sif Muna accepts your kill.
The dart slug explodes!
The fiery explosion engulfs Edmund!!
Edmund is heavily wounded.
You hear a shout! x2
Casting: Inner Flame (dangerous; 16% risk of failure)
Confirm with . or Enter, or press ? or * to list all spells.
Aiming: Inner Flame (dangerous; 16% risk of failure)
Press: ? - help, Shift-Dir - straight line, f - Edmund
Aim: Edmund, wielding a +3 flail of venom and wearing a +0 scale mail (flame, heavily wounded, chance to affect: 67%)
You miscast Inner Flame.
You are very lightly contaminated with residual magic.
You feel a strange surge of energy.
You feel yourself slow down.
Edmund is engulfed in blazing flames.
Menkaure calls on the powers of darkness!
Edmund convulses!
Your body is wracked with pain!
It was a potion of degeneration.
There was something very wrong with that liquid.
You feel weakened.
You feel dopey.
You feel clumsy.
Menkaure calls on the powers of darkness!
Edmund convulses!
Your body is wracked with pain!
* * * LOW HITPOINT WARNING * * *
Edmund hits you with a +3 flail of venom.
* * * LOW HITPOINT WARNING * * *
You are lethally poisoned!
It was a potion of flight.
You feel very buoyant.
You fly up into the air.
* * * LOW HITPOINT WARNING * * *
You feel very sick.
Edmund hits you with a +3 flail of venom!
You die...

#. ...# #..( #...# ##... ....#
.#....#####....# .........#.....#
...............#
##)...../..........#
.##...(.........@##..##
..#..>......M§§§@....... )".#...
.............§.§........ ...#....
.............§#§.................
#.............#..................
#............#..................
##.............#.####............
........<.....##.##..............
...................(.............


You could see Edmund and Menkaure (fast).

Vanquished Creatures
  A sky beast (D:4)
  An ogre (D:5)
  A scorpion (D:5)
  2 orc priests
  3 orc wizards
  A hound skeleton (D:4)
  3 adders
  3 worms
  3 dart slugs
  9 orcs
  4 ball pythons (D:2)
  6 endoplasms
  5 giant cockroaches
  4 goblins
  5 hobgoblins
  6 jackals (D:1)
  4 kobolds
  6 bats
  10 frilled lizards
  6 rats
83 creatures vanquished.

Vanquished Creatures (others)
  234 foxfires
  6 plants (D:3)
240 creatures vanquished.

Grand Total: 323 creatures vanquished

Notes
Turn   | Place    | Note
-------+----------+-------------------------------------------
     0 | D:1      | Conn the Octopode Fire Elementalist began the quest for the
                  | Orb.
     0 | D:1      | Reached XP level 1. HP: 11/11 MP: 3/3
   259 | D:1      | Reached XP level 2. HP: 17/17 MP: 1/5
   651 | D:1      | Found Qaodghim's Distillery.
   714 | D:1      | Bought a potion of lignification for 30 gold pieces
   820 | D:1      | Found a faded altar of an unknown god.
   890 | D:1      | Reached XP level 3. HP: 20/21 MP: 1/6
  1977 | D:2      | Reached XP level 4. HP: 8/27 MP: 2/7
  2774 | D:3      | Reached XP level 5. HP: 32/32 MP: 2/9
  2928 | D:3      | Found a white marble altar of Elyvilon.
  3578 | D:4      | Reached skill level 1 in Short Blades
  3584 | D:4      | Reached XP level 6. HP: 22/37 MP: 0/10
  3808 | D:4      | Learned a level 3 spell: Conjure Flame
  3812 | D:4      | Learned a level 3 spell: Inner Flame
  3817 | D:4      | Learned a level 4 spell: Flame Wave
  3879 | D:4      | Found a staircase to the Ecumenical Temple.
  3888 | Temple   | Entered the Ecumenical Temple
  4100 | D:4      | Found a basalt altar of Yredelemnul.
  4269 | D:4      | Noticed a sky beast
  4282 | D:4      | Killed a sky beast
  4283 | D:4      | Reached skill level 1 in Fighting
  4724 | D:4      | Found a shimmering blue altar of Sif Muna.
  4728 | D:4      | Became a worshipper of Sif Muna the Loreminder
  4758 | D:5      | Entered Level 5 of the Dungeon
  4763 | D:5      | Noticed Edmund
  5097 | D:5      | Reached XP level 7. HP: 43/43 MP: 1/12
  5099 | D:5      | Noticed Pikel
  5239 | D:5      | Noticed Menkaure
  5677 | D:5      | HP: 2/43 [poisoned by Edmund]
  5677 | D:5      | Mangled by Edmund

Illustrated notes

Levels and vault maps discovered:
D:1:      dpeg_arrival_pits, layout_loops_ring,
          shapermc_ecumenical_altar_ellora, serial_shops, shop,
          minmay_tiny_reverse_x
D:2:      layout_loops_ring
D:3:      layout_rooms, overflow_temple_1_default, minmay_lizard_king
D:4:      layout_loops_ring, yredelemnul_altar_generic, marbit_many_paths,
          minmay_temple_entry_purple_smoke, minmay_misc_feat_columns
D:5:      layout_cave_pools, mainiacjoe_overflow_24_doors,
          uniq_crazy_yiuf_cottage, uniq_pikel, uniq_edmund, uniq_menkaure
Temple:   nicolae_temple_figure_zero

Skill      XL: |  1  2  3  4  5  6 |
---------------+-------------------+-----
Stealth        | 3 4 |  4.1
Spellcasting   | 3 |  3.8
Fire Magic     | 4 |  4.5
Conjurations   | 2 |  2.5
Short Blades   | 1 |  1.2
Dodging        | 3 |  3.3
Fighting       | 1 |  1.3
Long Blades    | |  0.9
Hexes          | |  0.4
Evocations     | |  0.8

Action                   |  1- 3 |  4- 6 |  7- 9 || total
-------------------------+-------+-------+-------++-------
Melee: Dagger            |    35 |    25 |       ||    60
       Constrict         |    10 |    11 |       ||    21
       Tentacles         |     6 |     9 |       ||    15
       Unarmed           |     1 |       |       ||     1
       Long sword        |       |    29 |       ||    29
 Cast: Foxfire           |    57 |    73 |     8 ||   138
       Inner Flame       |       |     4 |     3 ||     7
Evoke: Wand              |       |     6 |       ||     6
  Use: Potion            |       |     1 |     2 ||     3
       Scroll            |       |     1 |       ||     1
 Stab: Sleeping          |     3 |     2 |       ||     5
Armor: Skin              |     9 |    43 |       ||    52
Dodge: Dodged            |    34 |    59 |     7 ||   100

Table legend: (Time is in decaauts)
 A = Elapsed time spent in this place.
 B = Non-inter-level travel time spent in this place.
 C = Inter-level travel time spent in this place.
 D = Time resting spent in this place.
 E = Time spent auto-exploring this place.
 F = Levels seen in this place.
 G = Mean time per level.
                   A        B        C        D        E       F      G
               +--------+--------+--------+--------+--------+-----+--------+
         Total |   5689 |   5609 |     80 |    641 |   3797 |   6 |  948.2 |
       Dungeon |   5565 |   5494 |     71 |    641 |   3684 |   5 | 1113.0 |
        Temple |    123 |    114 |      9 |      0 |    113 |   1 |  123.0 |
               +--------+--------+--------+--------+--------+-----+--------+

Top non-repeatable levels by time:
     D:4: 1871 daAuts
     D:2: 1332 daAuts
     D:1: 1181 daAuts
     D:3: 1057 daAuts
  Temple: 123 daAuts
     D:5: 123 daAuts
